 Dungeon Crawl Stone Soup version 0.30.0-20-g3615ddf2f0 (webtiles) character file.

Game seed: 2422365654349390544

2699 qw the Cleaver (level 9, -4/57 HPs)
             Began as a Gargoyle Fighter on May 28, 2023.
             Was an Initiate of Okawaru.
             Slain by a yak (10 damage)
             ... on level 7 of the Dungeon.
             The game lasted 00:04:03 (6865 turns).

qw the Cleaver (Gargoyle Fighter)                   Turns: 6865, Time: 00:04:03

Health: -4/57      AC: 21    Str: 24    XL:     9   Next: 65%
Magic:  9/9        EV:  7    Int:  9    God:    Okawaru [......]
Gold:   371        SH:  9    Dex:  9    Spells: 8/8 levels left

rFire   . . .        Y - +1 broad axe
rCold   . . .        c - +0 buckler
rNeg    + . .        m - +0 plate armour
rPois   inf          l - +0 helmet
rElec   +            p - +0 cloak
rCorr   .            (no gloves)
SInv    .            (no boots)
Will    .....        b - amulet of reflection Stlth
                     (no ring)
HPRegen 0.29/turn    (no ring)
MPRegen 0.11/turn

%: reflection
@: about to teleport
A: sickness immunity, AC +6, negative energy resistance 1, electricity
resistance, torment resistance 1, petrification resistance
a: Renounce Religion


You were on level 7 of the Dungeon.
You worshipped Okawaru.
Okawaru was noncommittal.
You visited 2 branches of the dungeon, and saw 9 of its levels.
You also visited: Sewer and Ossuary.

You collected 497 gold pieces.
You spent 126 gold pieces at shops.


Innate Abilities, Weirdness & Mutations

You are immune to sickness and miasma.
Your stone body is resilient. (AC +6)
You are immune to poison.
You resist negative energy. (rN+)
You are resistant to electric shocks. (rElec)
You are resistant to unholy torment.
You are immune to petrification.


   Skills:
 - Level 7.0 Fighting
 + Level 9.0 Axes
 - Level 1.8 Throwing
 - Level 6.2 Armour
 - Level 2.1 Dodging
 - Level 4.1 Shields


You had 8 spell levels left.
You didn't know any spells.
Your spell library was empty.

Inventory:

Hand Weapons
 e - a +0 flail of draining
 Y - a +1 broad axe (weapon)
Missiles
 n - 2 boomerangs (quivered)
Armour
 c - a +0 buckler (worn)
 l - a +0 helmet (worn)
 m - a +0 plate armour (worn)
 p - a +0 cloak (worn)
Jewellery
 b - an amulet of reflection (around neck)
Scrolls
 a - a scroll of identify
Potions
 d - 7 potions of might
 f - 2 potions of haste
 g - a potion of lignification
 i - a potion of attraction
 j - a potion of heal wounds
 k - 7 potions of curing

Dungeon Overview and Level Annotations

Branches:
Dungeon (8/15)             Temple (1/1) D:7           Sewer (visited)
Ossuary (visited)
   Lair: D:8-11

Altars:
Ashenzari
Cheibriados
Dithmenos
Elyvilon
Fedhas
Hepliaklqana
Kikubaaqudgha
Makhleb
Nemelex Xobeh
Okawaru
Qazlal
Ru
Sif Muna
Trog
Uskayaw
Vehumet
Wu Jian
Xom
Yredelemnul
Zin
The Shining One

Shops:
D:3 [


Message History

The yak bellows! x3
Found 2 potions of degeneration and a scroll of magic mapping.
There is a stone staircase leading up here.
There are monsters nearby!
Waypoint 9 assigned to D:8.
You throw a boomerang. The boomerang closely misses the yak.
The boomerang barely misses the two-headed ogre.
You throw a boomerang. The boomerang hits the yak.
The yak is lightly wounded.
You slash the yak!
The yak is moderately wounded.
The yak gores you.
You barely miss the yak.
The yak is moderately wounded.
You slash the yak! You hit the yak. The yak gores you.
The yak barely misses you. The yak completely misses you. The yak gores you.
The yak gores you but does no damage. x2
6861 ||| STAIRDANCE You block the yak's attack.
The yak gores you. You block the yak's attack.
The two-headed ogre barely misses you.
The two-headed ogre hits you but does no damage.
You climb upwards.
There is a stone staircase leading down here.
You hit the yak.
The yak is severely wounded.
You hit the yak. You hit the two-headed ogre. You closely miss the yak.
The yak gores you! The yak gores you. The yak gores you but does no damage.
You slash the yak!
You kill the yak!
Okawaru accepts your kill.
You hit the yak. You barely miss the yak. You slash the two-headed ogre!
The two-headed ogre hits you with a +0 giant club!
The two-headed ogre hits you but does no damage.
The yak gores you but does no damage. The yak gores you.
Your Throwing skill increases to level 1!
6865 ||| READING scroll of teleportation.
As you read the scroll of teleportation, it crumbles to dust.
You feel strangely unstable. You block the yak's attack. The yak gores you!
You die...

#......########## #.#
#.####..........# #.#
#.##.........##.# #.#
#.##.........##.# #.#
#.##.........##.# #.#
#.##...#.....##.# #.######
#.##...#(....##.# #.......
#......#.Y.Y.##.###########
#####....O@%?..............
#.########..######...#.
#.########...........'.
#.#...^?.....#####...#.
#.#......###.# #.....
#.#........#?#####....#
#.#............?.'.....
#............#####....#
###.........## ####.#


You could see a two-headed ogre and 2 yaks.

Vanquished Creatures
  A yak (D:7)
  Edmund (D:5)
  A sky beast (D:6)
  2 black bears
  2 orc warriors (D:7)
  A phantom (D:5)
  An elf zombie (Ossuary)
  Blork the orc (D:6)
  A gnoll sergeant (D:6)
  2 bullfrogs
  2 scorpions
  6 wights (D:6)
  A howler monkey (D:5)
  2 human zombies (Ossuary)
  A centaur zombie (Ossuary)
  A jelly (D:6)
  3 hounds
  3 orc priests
  6 iguanas
  5 sleepcaps
  An orc wizard (D:7)
  A sickly merfolk siren (Sewer)
  A malarious merfolk avatar (Sewer)
  4 hound zombies (Ossuary)
  3 mummies (Ossuary)
  8 gnolls (D:6)
  4 river rats
  8 adders
  A shadow imp (D:6)
  2 white imps
  3 adder zombies (Ossuary)
  6 worms
  2 dart slugs (D:1)
  9 orcs
  10 ball pythons
  9 bats
  4 endoplasms
  4 giant cockroaches
  9 goblins
  3 hobgoblins
  4 jackals
  4 kobolds
  3 quokkas
  8 frilled lizards
  2 goblin zombies (Ossuary)
  5 hobgoblin zombies (Ossuary)
  3 jackal zombies (Ossuary)
  5 kobold zombies (Ossuary)
  3 quokka zombies (Ossuary)
  28 rats
  3 rat zombies (Ossuary)
203 creatures vanquished.

Notes
Turn   | Place    | Note
-------+----------+-------------------------------------------
     0 | D:1      | qw the Gargoyle Fighter began the quest for the Orb.
     0 | D:1      | Reached XP level 1. HP: 14/14 MP: 1/1
     0 | D:1      | 0 ||| qw: Version: 0.2-a-101-gf8a7cd0
     0 | D:1      | 0 ||| qw: Game counter: 259
     0 | D:1      | 0 ||| qw: Always use a shield: true
     0 | D:1      | 0 ||| qw: God list: Okawaru
     0 | D:1      | 0 ||| qw: Allow faded altars: false
     0 | D:1      | 0 ||| qw: Do Orc after D:15 true
     0 | D:1      | 0 ||| qw: Do second Lair branch before Depths: true
     0 | D:1      | 0 ||| qw: Lair rune preference: random
     0 | D:1      | 0 ||| qw: Plans: Normal, Zot:1-4, Slime:5, God:TSO, Crypt,
                  | Tomb, Pan, Hells, Abyss, Win
     0 | D:1      | 0 ||| PLANNING D:1-11
   130 | D:1      | Reached skill level 2 in Axes
   184 | D:1      | Reached XP level 2. HP: 13/19 MP: 2/2
   511 | D:1      | 511 ||| Stepping ~*~*~tactically~*~*~ (stealth).
   553 | D:1      | Reached skill level 3 in Axes
   584 | D:1      | Reached XP level 3. HP: 23/23 MP: 3/3
   605 | D:1      | You fall into a shaft and drop 1 floor!
   675 | D:2      | 675 ||| Stepping ~*~*~tactically~*~*~ (stealth).
   677 | D:2      | 677 ||| Stepping ~*~*~tactically~*~*~ (stealth).
   762 | D:2      | 762 ||| UPGRADING to +0 helmet.
   767 | D:2      | 767 ||| UPGRADING to +0 cloak.
   772 | D:2      | 772 ||| DROPPING ring of wizardry.
   773 | D:2      | 773 ||| READING 3 scrolls labelled JEOTUR FIOQO.
   774 | D:2      | 774 ||| READING scroll labelled CAT PUKOH HIHI.
   775 | D:2      | 775 ||| READING scroll labelled DUNWIRGH YLLOW.
   776 | D:2      | 776 ||| READING scroll labelled BETAGI YQYT.
   777 | D:2      | 777 ||| READING scroll labelled NIUZOS GIETT.
   778 | D:2      | 778 ||| READING scroll labelled KERUSTR OTAPS.
   781 | D:2      | 781 ||| DRINKING 5 amethyst potions.
   782 | D:2      | 782 ||| READING 2 scrolls of identify.
   782 | D:2      | 782 ||| IDENTIFYING fizzy inky potion
   783 | D:2      | 783 ||| DROPPING potion of berserk rage.
   898 | D:1      | Found a faded altar of an unknown god.
  1039 | D:1      | 1039 ||| READING 2 scrolls of identify.
  1039 | D:1      | 1039 ||| IDENTIFYING red potion
  1040 | D:1      | 1040 ||| DROPPING potion of invisibility.
  1294 | D:2      | Found a stormy altar of Qazlal.
  1312 | D:2      | Reached XP level 4. HP: 28/28 MP: 4/4
  1497 | D:2      | 1497 ||| READING scroll labelled GANAITIURUPA.
  1498 | D:2      | 1498 ||| READING scroll labelled JIUGUS WYRUL.
  1515 | D:3      | 1515 ||| STAIRDANCE
  1546 | D:3      | Reached skill level 4 in Axes
  1852 | D:3      | Found Onlam's Antique Armour Shop.
  1860 | D:3      | 1860 ||| BUYING chain mail (126 gold).
  1860 | D:3      | Bought a chain mail for 126 gold pieces
  1860 | D:3      | 1860 ||| SHOPLISTING plate armour (644 gold, have 35).
  1860 | D:3      | 1860 ||| SHOPLISTING runed ring mail (196 gold, have 35).
  2075 | D:3      | 2075 ||| READING scroll of enchant weapon.
  2075 | D:3      | 2075 ||| ENCHANTING +1 war axe.
  2090 | D:3      | 2090 ||| UPGRADING to +0 chain mail.
  2100 | D:3      | 2100 ||| DROPPING +0 scale mail.
  2101 | D:3      | 2101 ||| READING scroll labelled QOESTRU CELI.
  2102 | D:3      | 2102 ||| READING 4 scrolls of identify.
  2102 | D:3      | 2102 ||| IDENTIFYING coppery potion
  2103 | D:3      | 2103 ||| READING 3 scrolls of identify.
  2103 | D:3      | 2103 ||| IDENTIFYING bubbling dark potion
  2104 | D:3      | 2104 ||| DROPPING potion of flight.
  2105 | D:3      | 2105 ||| DROPPING potion of degeneration.
  2154 | D:4      | Noticed a black bear
  2164 | D:4      | Killed a black bear
  2165 | D:4      | Reached skill level 5 in Axes
  2165 | D:4      | Reached XP level 5. HP: 28/32 MP: 5/5
  2258 | D:4      | Reached XP level 6. HP: 39/39 MP: 6/6
  2258 | D:4      | 2258 ||| DROPPING +0 club.
  2551 | D:4      | Identified the +10 battleaxe "Nouf" {heavy, rElec Dex+3}
  2942 | D:4      | 2942 ||| SWAPPING to +0 broad axe.
  2943 | D:4      | 2943 ||| DROPPING +2 war axe of venom.
  2944 | D:4      | 2944 ||| READING scroll labelled MEZADE EFEN.
  2945 | D:4      | 2945 ||| READING 3 scrolls of identify.
  2945 | D:4      | 2945 ||| IDENTIFYING sapphire potion
  2946 | D:4      | 2946 ||| READING 2 scrolls of identify.
  2946 | D:4      | 2946 ||| IDENTIFYING smoky brown potion
  2962 | D:5      | Entered Level 5 of the Dungeon
  2963 | D:5      | 2963 ||| PLANNING SEWER
  3027 | D:5      | Found a snail-covered altar of Cheibriados.
  3108 | D:5      | Reached skill level 6 in Axes
  3108 | D:5      | Reached XP level 7. HP: 42/44 MP: 7/7
  3127 | D:5      | Noticed Edmund
  3148 | D:5      | Killed Edmund
  3256 | D:5      | 3256 ||| DROPPING +0 flail.
  3429 | D:5      | Found a glowing drain.
  3433 | D:5      | 3433 ||| READING 2 scrolls of identify.
  3433 | D:5      | 3433 ||| IDENTIFYING fuming coppery potion
  3434 | D:5      | 3434 ||| DROPPING potion of brilliance.
  3441 | Sewer    | Entered a sewer
  3544 | Sewer    | 3544 ||| Stepping ~*~*~tactically~*~*~ (water).
  3687 | Sewer    | 3687 ||| Stepping ~*~*~tactically~*~*~ (water).
  3720 | Sewer    | 3720 ||| Stepping ~*~*~tactically~*~*~ (stealth).
  3723 | Sewer    | 3723 ||| Stepping ~*~*~tactically~*~*~ (water).
  3822 | D:5      | 3822 ||| PLANNING D:1-11
  3884 | D:5      | 3884 ||| Stepping ~*~*~tactically~*~*~ (stealth).
  3885 | D:5      | 3885 ||| Stepping ~*~*~tactically~*~*~ (stealth).
  3903 | D:5      | 3903 ||| Stepping ~*~*~tactically~*~*~ (stealth).
  3906 | D:5      | 3906 ||| Stepping ~*~*~tactically~*~*~ (stealth).
  3907 | D:5      | 3907 ||| Stepping ~*~*~tactically~*~*~ (stealth).
  3921 | D:5      | Reached skill level 7 in Axes
  4044 | D:5      | Found a glowing silver altar of Zin.
  4114 | D:5      | Reached XP level 8. HP: 49/49 MP: 8/8
  4369 | D:5      | 4369 ||| UPGRADING to amulet of reflection.
  4374 | D:5      | 4374 ||| READING scroll labelled DONTIRASEM.
  4375 | D:5      | 4375 ||| READING scroll labelled GEANENW KIHO.
  4471 | D:6      | 4471 ||| FLEEEEING.
  4473 | D:6      | 4473 ||| STAIRDANCE
  4493 | D:6      | 4493 ||| Stepping ~*~*~tactically~*~*~ (hiding).
  4677 | D:6      | Reached skill level 8 in Axes
  4678 | D:6      | HP: 12/49 [wight/+0 long sword (1)]
  4679 | D:6      | 4679 ||| READING 3 scrolls of teleportation.
  4685 | D:6      | 4685 ||| READING 2 scrolls of teleportation.
  4690 | D:6      | 4690 ||| READING scroll of teleportation.
  4691 | D:6      | HP: 4/51 [white imp/puff of frost (8)]
  4700 | D:6      | 4700 ||| FLEEEEING.
  4710 | D:6      | HP: 5/51 [wight/+3 battleaxe (5)]
  4713 | D:6      | Reached skill level 6 in Fighting
  4970 | D:6      | 4970 ||| Stepping ~*~*~tactically~*~*~ (stealth).
  4971 | D:6      | Noticed Blork the orc
  4973 | D:6      | 4973 ||| Stepping ~*~*~tactically~*~*~ (hiding).
  4989 | D:6      | Killed Blork the orc
  4990 | D:6      | Reached XP level 9. HP: 37/55 MP: 9/9
  4998 | D:6      | Reached skill level 9 in Axes
  5008 | D:6      | 5008 ||| FLEEEEING.
  5009 | D:6      | 5009 ||| FLEEEEING.
  5010 | D:6      | 5010 ||| FLEEEEING.
  5011 | D:6      | 5011 ||| STAIRDANCE
  5291 | D:6      | 5291 ||| READING scroll of enchant weapon.
  5291 | D:6      | 5291 ||| ENCHANTING +0 broad axe.
  5356 | D:6      | 5356 ||| READING 2 scrolls of identify.
  5356 | D:6      | 5356 ||| IDENTIFYING grey potion
  5365 | D:7      | 5365 ||| PLANNING OSSUARY
  5365 | D:7      | 5365 ||| Stepping ~*~*~tactically~*~*~ (hiding).
  5368 | D:7      | 5368 ||| DRINKING 6 potions of curing.
  5368 | D:7      | 5368 ||| (to cure confusion)
  5441 | D:7      | Found a sand-covered staircase.
  5442 | D:7      | 5442 ||| UPGRADING to +0 plate armour.
  5452 | D:7      | 5452 ||| DROPPING +0 chain mail.
  5458 | Ossuary  | Entered an ossuary
  5789 | Ossuary  | 5789 ||| READING scroll labelled FITUDU SAEH.
  5793 | D:7      | 5793 ||| PLANNING D:1-11
  5843 | D:7      | HP: 14/56 [orc warrior/+0 halberd (1)]
  5844 | D:7      | 5844 ||| READING 2 scrolls of teleportation.
  5845 | D:7      | 5845 ||| DRINKING potion of heal wounds.
  5847 | D:7      | Reached skill level 6 in Armour
  6002 | D:7      | Found an ornate altar of the Wu Jian Council.
  6002 | D:7      | Found a shadowy altar of Dithmenos.
  6066 | D:7      | 6066 ||| Stepping ~*~*~tactically~*~*~ (hiding).
  6225 | D:7      | Found a staircase to the Ecumenical Temple.
  6226 | D:7      | 6226 ||| PLANNING TEMPLE
  6231 | Temple   | Entered the Ecumenical Temple
  6261 | Temple   | 6261 ||| PLANNING OKAWARU WORSHIP
  6404 | Temple   | Became a worshipper of Warmaster Okawaru
  6404 | Temple   | 6404 ||| PLANNING D:1-11
  6844 | D:7      | 6844 ||| READING 2 scrolls of identify.
  6844 | D:7      | 6844 ||| IDENTIFYING murky clear potion
  6856 | D:8      | Noticed a two-headed ogre
  6861 | D:8      | 6861 ||| STAIRDANCE
  6864 | D:7      | HP: 11/57 [two-headed ogre/+0 giant club (17)]
  6865 | D:7      | Reached skill level 1 in Throwing
  6865 | D:7      | 6865 ||| READING scroll of teleportation.
  6865 | D:7      | Slain by a yak

Levels and vault maps discovered:
D:1:      dpeg_arrival_concentric_ovals, layout_basic,
          shapermc_ecumenical_altar_mp_vishouse
D:2:      layout_basic, basic_altar, minmay_tromino_i2
D:3:      layout_loops_cross, serial_shops, shop
D:4:      nicolae_BIG_FREAKIN_CUBE, layout_loops_ring, serial_bayou_ford_a,
          kennysheep_generic_room_13
D:5:      layout_gridville, zin_statuary, marbit_many_paths,
          lightli_sewer_entry_pipes, uniq_edmund
D:6:      layout_rooms, st_stairs_14, uniq_blork_the_orc
D:7:      layout_basic, grunt_temple_overflow_open, temple_green,
          nicolae_ossuary_entry_plus
D:8:      layout_cave_pods, mainiacjoe_overflow_paths, special_room
          [special_room_kobold], supply_closet_lemuel
Temple:   bh_familiar_temple

Skill      XL: |  1  2  3  4  5  6  7  8  9 |
---------------+----------------------------+-----
Axes           | 2 3 5 6 7 8 9 |  9.0
Fighting       | 4 5 6 7 |  7.0
Dodging        | 2 |  2.1
Armour         | 4 6 |  6.2
Shields        | 4 |  4.1
Throwing       | 1 |  1.8

Action                     |  1- 3 |  4- 6 |  7- 9 || total
---------------------------+-------+-------+-------++-------
  Melee: War axe           |   109 |    77 |       ||   186
         Broad axe         |       |    16 |   475 ||   491
  Throw: Boomerang         |       |       |     4 ||     4
    Use: Scroll            |     8 |     9 |    12 ||    29
         Potion            |     1 |       |     2 ||     3
 Armour: Scale mail        |    55 |    19 |       ||    74
         Chain mail        |       |    39 |   216 ||   255
         Plate armour      |       |       |    77 ||    77
  Dodge: Dodged            |    42 |    40 |   171 ||   253
  Block: Buckler           |    22 |    12 |   150 ||   184

Table legend:
 A = Non-vault XP
 B = Vault XP
 C = Vault XP percentage of total XP
 D = Non-vault monster count
 E = Vault monster count
 F = Vault count percentage of total count
                 A         B        C        D         E       F
            +---------+---------+-------+---------+---------+-------
      Total |    2804 |    1052 |  27.3 |     111 |      92 |  45.3
            +---------+---------+-------+---------+---------+-------
        D:1 |      41 |       0 |   0.0 |      22 |       0 |   0.0
        D:2 |      37 |      15 |  28.8 |      14 |       2 |  12.5
        D:3 |      18 |       0 |   0.0 |      10 |       0 |   0.0
        D:4 |     305 |       3 |   1.0 |      11 |       2 |  15.4
        D:5 |     442 |     309 |  41.1 |      13 |      15 |  53.6
        D:6 |    1228 |     168 |  12.0 |      27 |       2 |   6.9
        D:7 |     733 |       0 |   0.0 |      14 |       0 |   0.0
      Sewer |       0 |     141 | 100.0 |       0 |      36 | 100.0
    Ossuary |       0 |     416 | 100.0 |       0 |      35 | 100.0
            +---------+---------+-------+---------+---------+-------
